[Event "Titled Tuesday Blitz April 18 Late 2023"]
[White "Sarana, Alexey"]
[Black "Khandelwal, Ankush"]
[WhiteFideId "24133795"]
[BlackFideId "413470"]
[WhiteElo "2714"]
[BlackElo "2263"]
[Result "1-0"]
[Round "02"]
[TimeControl "180+2"]
[Date "2023.04.18"]
[WhiteClock "0:00:58"]
[BlackClock "0:00:01"]

1. d4 Nf6 2. c4 g6 3. Nc3 Bg7 4. e4 d6 5. Be2 O-O 6. Be3 c5 7. d5 e6 8. Nf3 exd5 9. cxd5 Bg4 10. Nd2 Bxe2 11. Qxe2 Re8 12. O-O Na6 13. h3 Nc7 14. a4 a6 15. Qd3 b5 16. axb5 axb5 17. Rxa8 Qxa8 18. Bf4 c4 19. Qf3 b4 20. Nd1 Qa6 21. g4 h5 22. g5 Nd7 23. Ne3 c3 24. bxc3 bxc3 25. Ndc4 Nb5 26. Kh1 Nd4 27. Qg2 Ne5 28. Bxe5 Bxe5 29. f4 Bg7 30. f5 Be5 31. Qf2 Qa7 32. Nxe5 dxe5 33. fxg6 fxg6 34. Nc4 c2 35. Nxe5 c1=Q 36. Rxc1 Rxe5 37. Rc8+ Kh7 38. d6 Rxe4 39. Rc7+ Qxc7 40. dxc7 Rh4 41. Qf7+ 1-0


[Site "https://www.chess.com"]

[Event "Titled Tuesday Blitz April 18 Late 2023"]
[White "Demchenko, Anton"]
[Black "Erzhanov, Arman"]
[WhiteFideId "4160258"]
[BlackFideId "4138821"]
[WhiteElo "2545"]
[BlackElo "2138"]
[Result "1-0"]
[Round "02"]
[TimeControl "180+2"]
[Date "2023.04.18"]
[WhiteClock "0:00:09"]
[BlackClock "0:00:37"]

1. e4 d6 2. d4 Nf6 3. Nc3 c6 4. f4 d5 5. e5 Ng8 6. Bd3 h5 7. Nce2 g6 8. h3 Nh6 9. Nf3 Bf5 10. Be3 e6 11. Bf2 Be7 12. g3 Bxd3 13. Qxd3 Nd7 14. O-O-O Qa5 15. Kb1 O-O-O 16. Rhg1 Nf5 17. g4 hxg4 18. hxg4 Nh4 19. Ng5 Bxg5 20. fxg5 Rh7 21. Rg3 Rdh8 22. b3 Qd8 23. Be3 Kb8 24. a4 c5 25. Bf4 cxd4 26. Qxd4 Qb6 27. Qxb6 axb6 28. c4 dxc4 29. Rxd7 cxb3 30. Rdd3 Rc8 31. Rc3 Rd8 32. Rxb3 Rd1+ 33. Ka2 Re1 34. Rb2 Rf1 35. Rh3 Rf3 36. Rh2 Rh8 37. Bg3 Rc8 38. Rxh4 Rc4 39. Rh1 Rxa4+ 40. Kb1 Rxg4 41. Rd1 Rxg5 42. Rxb6 Kc7 43. Rb2 Rgxg3 44. Nxg3 Rxg3 45. Rf1 Re3 46. Rxf7+ Kc6 47. Rf6 Rxe5 48. Rxg6 b5 49. Rgg2 Kd6 50. Rbd2+ Kc6 51. Kc2 Kc5 52. Rge2 Rg5 53. Rxe6 Rf5 54. Rde2 Kd5 55. R6e3 Rg5 56. Kb3 Kd4 57. Re8 Kd5 58. Kb4 Kc6 59. R8e6+ Kd5 60. Kxb5 Rf5 61. Kb4 Kd4 62. R6e4+ Kd5 63. Kc3 Rf3+ 64. R4e3 Rf5 65. Rd3+ Kc6 66. Re4 Ra5 67. Rc4+ Kb6 68. Kd4 Rh5 69. Rb3+ Ka5 70. Rb8 Rh4+ 71. Kd5 Rh5+ 72. Ke6 Rh6+ 73. Kf5 Rh1 74. Rc2 Rf1+ 75. Kg4 Rg1+ 76. Kf3 Rf1+ 77. Rf2 Ra1 78. Ra8+ Kb4 79. Rxa1 Kc5 80. Rd1 Kc4 81. Rc2+ Kb3 82. Rc8 Kb4 83. Rb1+ Ka3 84. Ra8# 1-0


[Site "https://www.chess.com"]

[Event "Titled Tuesday Blitz April 18 Late 2023"]
[White "Gatterer, Florian"]
[Black "Rodshtein, Maxim"]
[WhiteFideId "811688"]
[BlackFideId "2806851"]
[WhiteElo "2221"]
[BlackElo "2555"]
[Result "0-1"]
[Round "02"]
[TimeControl "180+2"]
[Date "2023.04.18"]
[WhiteClock "0:00:39"]
[BlackClock "0:01:57"]

1. d4 g6 2. e4 Bg7 3. Nc3 d6 4. Be3 a6 5. Nf3 b5 6. Bd3 Bb7 7. h4 h6 8. e5 e6 9. Be4 Bxe4 10. Nxe4 Ne7 11. Qe2 Nd5 12. O-O-O Nc6 13. exd6 cxd6 14. Kb1 Rc8 15. c3 Na5 16. Nfd2 Qd7 17. Rc1 f5 18. Ng3 f4 19. Qg4 Qf7 20. Nge4 Kd7 21. Rhf1 Qf5 22. Qxf5 gxf5 0-1


[Site "https://www.chess.com"]

[Event "Titled Tuesday Blitz April 18 Late 2023"]
[White "Meunier-Pion, Jean"]
[Black "Szpar, Milosz"]
[WhiteFideId "20685327"]
[BlackFideId "1184989"]
[WhiteElo "2124"]
[BlackElo "2436"]
[Result "1-0"]
[Round "02"]
[TimeControl "180+2"]
[Date "2023.04.18"]
[WhiteClock "0:00:38"]
[BlackClock "0:01:26"]

1. e4 c5 2. Nf3 d6 3. d4 cxd4 4. Nxd4 Nf6 5. Nc3 Nc6 6. Bg5 e6 7. Qd2 a6 8. O-O-O h6 9. Bxf6 Qxf6 10. Nxc6 bxc6 11. f4 Qd8 12. Bc4 Rb8 13. f5 d5 14. exd5 cxd5 15. fxe6 fxe6 16. Bd3 Qg5 17. Qxg5 hxg5 18. Bg6+ Kd7 19. Rhf1 Rxh2 20. Rxf8 Rb4 21. Nxd5 exd5 22. Bf5+ Ke7 23. Rxc8 Rxg2 24. Rxd5 Rf4 25. b3 g4 26. Rc6 Rgf2 27. Rd7+ Ke8 28. Rc8# 1-0


[Site "https://www.chess.com"]

[Event "Titled Tuesday Blitz April 18 Late 2023"]
[White "Szyszylo, Rafal"]
[Black "Marek, Matyas"]
[WhiteFideId "1109626"]
[BlackFideId "335398"]
[WhiteElo "1951"]
[BlackElo "2279"]
[Result "1-0"]
[Round "02"]
[TimeControl "180+2"]
[Date "2023.04.18"]
[WhiteClock "0:01:10"]
[BlackClock "0:01:02"]

1. e4 c5 2. Nf3 d6 3. d4 cxd4 4. Nxd4 Nf6 5. Nc3 Nc6 6. Bc4 e6 7. Bb3 a6 8. O-O Be7 9. f4 Qc7 10. Be3 Na5 11. Qf3 Nc4 12. Bxc4 Qxc4 13. e5 Nd7 14. exd6 Bxd6 15. Ne4 Be7 16. b3 Qc7 17. c4 Nf6 18. Rad1 Bd7 19. f5 e5 20. Ne2 Nxe4 21. Qxe4 Bc6 22. Qg4 Bf6 23. Ng3 Qe7 24. Nh5 Kf8 25. Nxf6 Qxf6 26. Bg5 h5 27. Qh4 1-0


[Site "https://www.chess.com"]

[Event "Titled Tuesday Blitz April 18 Late 2023"]
[White "Weetik, Vjacheslav"]
[Black "Gonzalez, Francisco Silva"]
[WhiteFideId "4153472"]
[BlackFideId "1512285"]
[WhiteElo "2469"]
[BlackElo "2074"]
[Result "1/2-1/2"]
[Round "02"]
[TimeControl "180+2"]
[Date "2023.04.18"]
[WhiteClock "0:00:17"]
[BlackClock "0:01:28"]

1. d4 Nf6 2. Bf4 d5 3. e3 c5 4. c3 Nc6 5. Nd2 cxd4 6. exd4 Bf5 7. Ngf3 a6 8. Qb3 Na5 9. Qd1 h6 10. Ne5 e6 11. Be2 Be7 12. O-O O-O 13. Re1 Nc6 14. a4 Ne4 15. Bf1 Nxe5 16. Bxe5 Bd6 17. Bxd6 Qxd6 18. Nxe4 Bxe4 19. a5 Rac8 20. Ra4 Rc7 21. Rb4 Rfc8 22. Qb3 Qd8 23. Rxb7 Rxb7 24. Qxb7 Rb8 25. Qxa6 Rxb2 26. Bd3 Bxd3 27. Qxd3 Qxa5 28. Rc1 Qa3 29. Qe3 Rb3 30. h3 h5 31. h4 g6 32. Kh2 Qd6+ 33. Qg3 Qxg3+ 34. Kxg3 Kg7 35. Kf4 Kf6 36. Rc2 Ra3 37. f3 Ra1 38. g4 Rh1 39. g5+ Kg7 40. Kg3 Rg1+ 41. Kf4 Rh1 42. Kg3 Rg1+ 43. Kf4 Rh1 1/2-1/2


[Site "https://www.chess.com"]

[Event "Titled Tuesday Blitz April 18 Late 2023"]
[White "Averjanov, Alexey"]
[Black "Napoli, Nicolo"]
[WhiteFideId "14109867"]
[BlackFideId "813702"]
[WhiteElo "2619"]
[BlackElo "2308"]
[Result "1-0"]
[Round "02"]
[TimeControl "180+2"]
[Date "2023.04.18"]
[WhiteClock "0:00:35"]
[BlackClock "0:00:02"]

1. d4 g6 2. c4 Bg7 3. Nf3 d6 4. g3 Nc6 5. Bg2 e5 6. d5 Nce7 7. e4 f5 8. Nc3 Nf6 9. exf5 Bxf5 10. Ng5 O-O 11. O-O Qd7 12. Qe2 h6 13. Nge4 Bh3 14. Bd2 Bxg2 15. Kxg2 Kh7 16. Rae1 Rf7 17. f4 Nxe4 18. Nxe4 Raf8 19. b3 Nf5 20. fxe5 Bxe5 21. Qd3 Nd4 22. Rxf7+ Qxf7 23. Rf1 Qxf1+ 24. Qxf1 Rxf1 25. Kxf1 Nf3 26. Be3 b6 27. h3 Nd4 28. Kf2 Nf5 29. Bd2 Kg7 30. g4 Bd4+ 31. Kf3 Nh4+ 32. Kg3 g5 33. Nc3 a6 34. Ne2 Be5+ 35. Kf2 Ng6 36. Be3 Kf6 37. Kf3 Nh4+ 38. Ke4 Ng6 39. Nd4 Bxd4 40. Bxd4+ Kf7 41. b4 Ne7 42. a4 Ng6 43. c5 bxc5 44. bxc5 Nf4 45. h4 Ng6 46. h5 Nf4 47. c6 Ne2 48. Bb6 Nc3+ 49. Kd4 Nxa4 50. Bxc7 Ke7 51. Ba5 Nc5 52. Bb4 Na4 53. Ke4 Nb6 54. Ba5 Nc4 55. Bc3 a5 56. Bg7 a4 57. Bxh6 Kf6 58. c7 Nb6 59. Kd3 a3 60. Kc2 1-0


[Site "https://www.chess.com"]

[Event "Titled Tuesday Blitz April 18 Late 2023"]
[White "Bruedigam, Martin"]
[Black "Ng, Gary"]
[WhiteFideId "24608033"]
[BlackFideId "2604914"]
[WhiteElo "2331"]
[BlackElo "2311"]
[Result "1-0"]
[Round "02"]
[TimeControl "180+2"]
[Date "2023.04.18"]
[WhiteClock "0:00:51"]
[BlackClock "0:00:12"]

1. d4 Nf6 2. c4 e6 3. Nc3 Bb4 4. Bd2 O-O 5. e3 d5 6. Nf3 c5 7. Bd3 dxc4 8. Bxc4 b6 9. a3 Ba5 10. dxc5 bxc5 11. Qe2 Bb7 12. Rd1 Qe7 13. O-O Nc6 14. Rc1 Rfd8 15. Rfd1 Rd7 16. Be1 Rad8 17. Rxd7 Rxd7 18. Bb5 Bc7 19. Na4 Ne4 20. Ba6 Bd6 21. Bxb7 Rxb7 22. Qc2 f5 23. b4 Nd8 24. bxc5 Bb8 25. Ba5 Nc6 26. Bc3 Nxc3 27. Qxc3 Qc7 28. g3 Ne7 29. Nd4 Qe5 30. Qc4 Nd5 31. c6 Qc7 32. cxb7 Qxb7 33. Qc8+ Qxc8 34. Rxc8+ 1-0


[Site "https://www.chess.com"]

[Event "Titled Tuesday Blitz April 18 Late 2023"]
[White "Atanasov, Radislav"]
[Black "Sadhwani, Raunak"]
[WhiteFideId "2901471"]
[BlackFideId "35093487"]
[WhiteElo "2077"]
[BlackElo "2631"]
[Result "0-1"]
[Round "02"]
[TimeControl "180+2"]
[Date "2023.04.18"]
[WhiteClock "0:00:39"]
[BlackClock "0:01:26"]

1. e4 g6 2. d4 Bg7 3. Nf3 d6 4. h3 Nf6 5. Bd3 O-O 6. c3 Nc6 7. Nbd2 e5 8. O-O Nh5 9. Re1 exd4 10. cxd4 Nxd4 11. Nxd4 Bxd4 12. Nf3 Bg7 13. Bg5 Bf6 14. Bh6 Bxb2 15. Bxf8 Bxa1 16. Qxa1 Qxf8 17. Qd4 Nf4 18. Bc4 Be6 19. e5 Bxc4 20. Qxf4 Bxa2 21. Ng5 dxe5 22. Qh4 h6 23. Ne4 Be6 24. Nf6+ Kg7 25. Rxe5 Qd8 26. Nh5+ gxh5 27. Qxh5 Qf6 0-1


[Site "https://www.chess.com"]

[Event "Titled Tuesday Blitz April 18 Late 2023"]
[White "Fier, Alexandr"]
[Black "Todorovic, Bojan"]
[WhiteFideId "2107139"]
[BlackFideId "917087"]
[WhiteElo "2610"]
[BlackElo "2266"]
[Result "1-0"]
[Round "02"]
[TimeControl "180+2"]
[Date "2023.04.18"]
[WhiteClock "0:01:32"]
[BlackClock "0:00:05"]

1. d4 Nf6 2. Bg5 g6 3. Bxf6 exf6 4. e3 Bg7 5. h4 h5 6. Nc3 f5 7. Nge2 d6 8. Nf4 Nd7 9. Bc4 Nf6 10. Qf3 c6 11. Bb3 d5 12. Nd3 Ne4 13. Ne2 a5 14. a4 O-O 15. c4 Be6 16. c5 b6 17. cxb6 Qxb6 18. Bc2 c5 19. dxc5 Nxc5 20. O-O Nb3 21. Bxb3 Qxb3 22. Nef4 Rac8 23. Rac1 Rc4 24. Nxe6 fxe6 25. Nf4 Kf7 26. Rcd1 Rfc8 27. Qg3 Rxf4 28. Qxf4 Rc4 29. Qg3 Qxa4 30. Qb8 Qb4 31. Qa7+ Kg8 32. Qa6 Kf7 33. Ra1 a4 34. Rac1 Bxb2 35. Rxc4 dxc4 36. Rd1 Bf6 37. Rd7+ Be7 38. Qa7 a3 39. Rb7 Qe1+ 40. Kh2 Qxf2 41. Rxe7+ Kf6 42. Rf7+ Ke5 43. Qd4# 1-0


[Site "https://www.chess.com"]

[Event "Titled Tuesday Blitz April 18 Late 2023"]
[White "Goltsev, Dmitry"]
[Black "Ansh M Shah"]
[WhiteFideId "24176710"]
[BlackFideId "25033379"]
[WhiteElo "2336"]
[BlackElo "2084"]
[Result "0-1"]
[Round "02"]
[TimeControl "180+2"]
[Date "2023.04.18"]
[WhiteClock "0:00:07"]
[BlackClock "0:00:15"]

1. e4 c6 2. d4 d5 3. Nc3 dxe4 4. Nxe4 Bf5 5. Ng3 Bg6 6. Nh3 Nf6 7. Nf4 e5 8. dxe5 Qxd1+ 9. Kxd1 Ng4 10. Nxg6 hxg6 11. Ne4 Nxe5 12. Bf4 Nbd7 13. c3 O-O-O 14. Kc2 Ng4 15. Rd1 Ndf6 16. Rxd8+ Kxd8 17. Nxf6 gxf6 18. f3 Nf2 19. Rg1 Bc5 20. Bc4 b5 21. Bxf7 Ke7 22. Bxg6 Nd3 23. Bxd3 Bxg1 24. h3 Rg8 25. g4 Rh8 26. Bf1 Bf2 27. Bg2 Bh4 28. Be3 Kd6 29. f4 Re8 30. Kd3 c5 31. Ke2 a5 32. Kd2 b4 33. c4 a4 34. Bd5 a3 35. b3 Bg3 36. Bg2 Be1+ 37. Kd3 Bh4 38. Bd5 Be1 39. Ke2 Bc3 40. Kf3 Bb2 41. g5 Bd4 42. Bd2 fxg5 43. fxg5 Rf8+ 44. Kg4 Rf2 45. Bf4+ Kd7 46. g6 Rxa2 47. Bh6 Ra1 48. Kf5 Rg1 49. Bg5 a2 50. Be6+ Kc6 51. Bf4 a1=Q 52. Bd5+ Kb6 53. Bf7 Qb1+ 54. Ke6 Qe4+ 55. Kd7 Rxg6 56. Bxg6 Qxg6 57. Bd6 Qf7+ 58. Be7 Qh5 59. h4 Bf2 60. Ke6 Bxh4 61. Bd6 Qg4+ 62. Kd5 Bg3 63. Bf4 Qf3+ 64. Kd6 Qxf4+ 65. Kd7 Qc7+ 66. Ke6 Qd6+ 67. Kf5 Qe5+ 68. Kg4 Be1 69. Kh3 Bc3 70. Kg2 Kc6 71. Kf3 Qd4 72. Ke2 Kd6 73. Kf3 Ke5 74. Kg3 Qe4 75. Kf2 Qd3 76. Kg1 Qe2 77. Kh1 Kf4 78. Kg1 Kg3 79. Kh1 Qe1# 0-1


[Site "https://www.chess.com"]

[Event "Titled Tuesday Blitz April 18 Late 2023"]
[White "Holt, Conrad"]
[Black "Jodorcovsky Werjivker, Paulo"]
[WhiteFideId "2034387"]
[BlackFideId "3700305"]
[WhiteElo "2592"]
[BlackElo "2120"]
[Result "1-0"]
[Round "02"]
[TimeControl "180+2"]
[Date "2023.04.18"]
[WhiteClock "0:01:50"]
[BlackClock "0:00:24"]

1. d4 f5 2. g3 e6 3. Bg2 Nf6 4. Nh3 d6 5. O-O Nc6 6. Nc3 e5 7. dxe5 dxe5 8. Qxd8+ Nxd8 9. Nb5 Ne6 10. Ng5 Nxg5 11. Nxc7+ Kd7 12. Nxa8 Nge4 13. Be3 b6 14. Rfd1+ Kc6 15. Rd8 Bb7 16. a4 g6 17. a5 Bg7 18. Rxh8 Bxh8 19. axb6 Bxa8 20. Rxa7 Bb7 21. b4 f4 22. gxf4 exf4 23. Bd4 1-0


[Site "https://www.chess.com"]

[Event "Titled Tuesday Blitz April 18 Late 2023"]
[White "Ashraf, Artin"]
[Black "Mickiewicz, Piotr"]
[WhiteFideId "22514805"]
[BlackFideId "1114891"]
[WhiteElo "2188"]
[BlackElo "2246"]
[Result "1-0"]
[Round "02"]
[TimeControl "180+2"]
[Date "2023.04.18"]
[WhiteClock "0:01:48"]
[BlackClock "0:00:11"]

1. e4 e5 2. Nf3 Nf6 3. Nc3 Nc6 4. Bb5 Bd6 5. O-O O-O 6. d3 a6 7. Bc4 b5 8. Bb3 Na5 9. Bg5 h6 10. Bh4 Nxb3 11. axb3 Bb7 12. d4 exd4 13. Qxd4 Be7 14. Rad1 b4 15. Nd5 Nxd5 16. exd5 Bxh4 17. Nxh4 a5 18. Rd3 Qf6 19. Qxf6 gxf6 20. Nf5 Kh7 21. Rh3 Ba6 22. Rxh6+ Kg8 23. Re1 Rfe8 24. Re3 Rxe3 25. fxe3 Re8 26. Rxf6 Bb7 27. d6 cxd6 28. Nxd6 Rb8 29. Rxf7 Bc6 30. Rf5 Ra8 31. Rf4 a4 32. Rxb4 Ra6 33. Nf5 a3 34. bxa3 Rxa3 35. Ne7+ Kf7 36. Nxc6 dxc6 37. Rc4 Ra6 38. h4 Ke6 39. g4 Kd6 40. Kg2 Ra5 41. Kg3 Ra1 42. Kf4 Rg1 43. Kg5 Rh1 44. h5 Re1 45. Kh6 Rxe3 46. g5 Rg3 47. g6 Kd5 48. Kh7 Rg5 49. h6 1-0


[Site "https://www.chess.com"]

[Event "Titled Tuesday Blitz April 18 Late 2023"]
[White "Klukin, Kirill"]
[Black "Lopez Del Alamo, Antonio"]
[WhiteFideId "24199273"]
[BlackFideId "2227339"]
[WhiteElo "2344"]
[BlackElo "2175"]
[Result "1-0"]
[Round "02"]
[TimeControl "180+2"]
[Date "2023.04.18"]
[WhiteClock "0:02:07"]
[BlackClock "0:00:58"]

1. c4 Nf6 2. Nc3 g6 3. g3 Bg7 4. Bg2 O-O 5. e3 d6 6. Nge2 e5 7. O-O Re8 8. Rb1 a5 9. a3 c6 10. b4 axb4 11. axb4 d5 12. b5 d4 13. Ne4 Nxe4 14. Bxe4 f5 15. Bg2 d3 16. Nc3 e4 17. Bb2 Be6 18. Qb3 c5 19. f3 Nd7 20. fxe4 Nb6 21. Nd5 Bxd5 22. exd5 Bxb2 23. Rxb2 Qd6 24. Qxd3 Ra4 25. Rc2 Rea8 26. e4 Ra3 27. Qe2 Re8 28. Qf2 Rf8 29. d4 Nd7 30. e5 Nxe5 31. dxe5 Qxe5 32. Re1 Ra1 33. Re2 Rxe1+ 34. Rxe1 Qc3 35. Qe2 Ra8 36. d6 Qd4+ 37. Kh1 Qxd6 38. Bd5+ Kg7 39. Qe7+ Qxe7 40. Rxe7+ Kh6 41. Rxb7 Kg5 42. Kg2 h5 43. b6 h4 44. gxh4+ Kxh4 45. Rh7+ Kg4 46. Bxa8 g5 47. b7 f4 48. b8=Q f3+ 49. Bxf3+ Kf5 50. Qf8+ Kg6 51. Be4# 1-0


[Site "https://www.chess.com"]

[Event "Titled Tuesday Blitz April 18 Late 2023"]
[White "merinasian"]
[Black "Hasangatin, Ramil"]
[BlackFideId "4122160"]
[WhiteElo "2355"]
[BlackElo "2275"]
[Result "0-1"]
[Round "02"]
[TimeControl "180+2"]
[Date "2023.04.18"]
[WhiteClock "0:01:01"]
[BlackClock "0:02:26"]

1. d4 d6 2. Nf3 Bg4 3. Nbd2 Nf6 4. h3 Bh5 5. e4 e6 6. Be2 Be7 7. O-O O-O 8. c3 c6 9. Re1 Nbd7 10. e5 dxe5 11. dxe5 Nd5 12. Nc4 Qc7 13. Nd6 Bxf3 14. Bxf3 Nxe5 15. Rxe5 Bxd6 16. Re1 Bf4 17. c4 Nb6 18. c5 Nd5 19. Bxf4 Qxf4 20. Re4 Qf6 21. Rd4 Rfd8 22. Bxd5 Rxd5 23. Rxd5 exd5 24. Qb3 Qe7 25. Qb4 Re8 26. Qa5 a6 27. Qb4 h6 28. Rc1 Qd7 29. Qd4 Re4 30. Qd3 Qe7 31. Rc2 Re1+ 32. Kh2 Qe5+ 33. g3 Qe4 34. Qxe4 Rxe4 35. Kg2 f5 0-1


[Site "https://www.chess.com"]

[Event "Titled Tuesday Blitz April 18 Late 2023"]
[White "Schuster, Karsten"]
[Black "Skvortsov, Andrei"]
[WhiteFideId "4611071"]
[BlackFideId "24108600"]
[WhiteElo "2294"]
[BlackElo "2259"]
[Result "1-0"]
[Round "02"]
[TimeControl "180+2"]
[Date "2023.04.18"]
[WhiteClock "0:00:14"]
[BlackClock "0:00:04"]

1. d4 g6 2. c4 Bg7 3. e4 e6 4. Nc3 Ne7 5. Bg5 h6 6. Bh4 g5 7. Bg3 d5 8. cxd5 exd5 9. exd5 Nxd5 10. Bc4 Nb6 11. Bb3 O-O 12. Nge2 Bg4 13. f3 Be6 14. Bxe6 fxe6 15. Qb3 Qd7 16. Rd1 c6 17. Be5 Na6 18. Bxg7 Kxg7 19. O-O Nd5 20. Ne4 Qc7 21. Kh1 Rae8 22. Rde1 Nb8 23. N2g3 Nf4 24. Nc5 b6 25. Nxe6+ Nxe6 26. Rxe6 Qf7 27. Rfe1 Rxe6 28. Qxe6 Nd7 29. Qxc6 Nf6 30. Nf5+ Kg6 31. g4 Qd7 32. Qxd7 Nxd7 33. Re7 Rf7 34. Rxf7 Kxf7 35. Nxh6+ Ke6 36. Nf5 Nf6 37. Kg2 Nd5 38. Kg3 b5 39. h4 Kf6 40. hxg5+ Kxg5 41. Nd6 a6 42. Ne4+ Kg6 43. f4 Nb4 44. f5+ Kg7 45. Nc3 Nc2 46. Kf4 b4 47. Nd5 a5 48. b3 Nxd4 49. g5 Ne2+ 50. Ke5 Nc3 51. f6+ Kg6 52. Nf4+ Kh7 53. g6+ Kh6 54. f7 1-0


[Site "https://www.chess.com"]

[Event "Titled Tuesday Blitz April 18 Late 2023"]
[White "Ozalp, Burak"]
[Black "Feng, Eric"]
[WhiteFideId "6314210"]
[BlackFideId "30952590"]
[WhiteElo "2106"]
[BlackElo "1785"]
[Result "0-1"]
[Round "02"]
[TimeControl "180+2"]
[Date "2023.04.18"]
[WhiteClock "0:00:06"]
[BlackClock "0:00:18"]

1. Nf3 Nf6 2. c4 g6 3. g3 Bg7 4. Bg2 O-O 5. O-O d6 6. d4 Nbd7 7. Re1 e5 8. Nc3 c6 9. h3 Qc7 10. Bg5 exd4 11. Nxd4 h6 12. Bf4 Ne5 13. b3 Bd7 14. Qd2 Kh7 15. Rad1 Rad8 16. Nf3 Be6 17. Qc1 Nh5 18. Be3 a5 19. Na4 Qe7 20. Bb6 Ra8 21. Nd4 Nd7 22. Nxe6 Qxe6 23. Bd4 Rfd8 24. Bxg7 Nxg7 25. Rd2 Nc5 26. Nxc5 dxc5 27. Red1 Rxd2 28. Qxd2 a4 29. Bf3 axb3 30. axb3 Nf5 31. Bg4 Re8 32. Qd7 Kg7 33. Bxf5 gxf5 34. Qxe6 Rxe6 35. e3 b5 36. Kg2 Kf6 37. Kf3 Ke5 38. Rd8 Re7 39. Rc8 Kd6 40. Rh8 Re6 41. Kf4 bxc4 42. bxc4 Re4+ 43. Kxf5 Rxc4 44. Rxh6+ Kc7 45. Rh7 Rc2 46. Rxf7+ Kb6 47. Ke4 c4 48. h4 Rd2 49. Rf8 Kb7 50. Rf7+ Ka6 51. Rf8 c3 52. Ra8+ Kb5 53. Ra1 c2 54. Rc1 Kb4 55. Kf3 Kb3 56. h5 Kb2 57. Rxc2+ Kxc2 58. g4 Rd1 59. h6 Kd2 60. g5 Rh1 61. Kg2 Rh5 62. f4 c5 63. Kg3 c4 64. Kg4 Rh1 65. g6 Rxh6 66. f5 c3 67. Kg5 Rh1 68. f6 c2 69. f7 Rf1 70. g7 c1=Q 71. g8=Q Rg1+ 72. Kh6 Rh1+ 73. Kg7 Rg1+ 74. Kh6 Qc6+ 75. Kh5 Qh1# 0-1


[Site "https://www.chess.com"]

[Event "Titled Tuesday Blitz April 18 Late 2023"]
[White "Msellek, Ilyass"]
[Black "Hoffmann, Asa"]
[WhiteFideId "675938"]
[BlackFideId "2001470"]
[WhiteElo "2302"]
[BlackElo "2117"]
[Result "0-1"]
[Round "02"]
[TimeControl "180+2"]
[Date "2023.04.18"]
[WhiteClock "0:00:18"]
[BlackClock "0:01:40"]

1. Nf3 d6 2. g3 e5 3. Bg2 Nf6 4. O-O Be7 5. d3 Be6 6. e4 h6 7. c4 c5 8. Nc3 Qd7 9. Re1 Nc6 10. Nd5 Bg4 11. Be3 Nxd5 12. cxd5 Nd4 13. Bxd4 cxd4 14. a4 O-O 15. Qb3 f5 16. exf5 Bxf3 17. Bxf3 Qxf5 18. Be4 Qxf2+ 19. Kh1 Rac8 20. Rac1 Bg5 21. Rcd1 Rc2 22. Qxc2 Qxc2 23. Rf1 Rf6 24. Rxf6 Qxd1+ 0-1


[Site "https://www.chess.com"]

[Event "Titled Tuesday Blitz April 18 Late 2023"]
[White "Yarar, Bora"]
[Black "mohsengabr2002"]
[WhiteFideId "34588400"]
[WhiteElo "2273"]
[BlackElo "2351"]
[Result "1-0"]
[Round "02"]
[TimeControl "180+2"]
[Date "2023.04.18"]
[WhiteClock "0:02:23"]
[BlackClock "0:02:21"]

1. e4 c5 2. c3 g6 3. d4 cxd4 4. cxd4 Bg7 5. Nc3 Nh6 6. Nf3 f5 7. e5 Nf7 8. Bc4 e6 9. O-O O-O 10. Re1 Nc6 11. a3 Ne7 12. d5 exd5 13. Nxd5 Nxd5 14. Bxd5 Kh8 15. Bxf7 Rxf7 16. e6 Re7 17. Bg5 Bxb2 18. Rb1 Bxa3 19. Bf6+ Kg8 20. Qb3 1-0


[Site "https://www.chess.com"]

[Event "Titled Tuesday Blitz April 18 Late 2023"]
[White "Wu, Sibo"]
[Black "Espinosa, Pedro"]
[WhiteFideId "8606048"]
[BlackFideId "30921066"]
[WhiteElo "2351"]
[BlackElo "2016"]
[Result "0-1"]
[Round "02"]
[TimeControl "180+2"]
[Date "2023.04.18"]
[WhiteClock "0:00:25"]
[BlackClock "0:00:15"]

1. d4 d5 2. Bf4 c5 3. e3 Nc6 4. Nf3 Nf6 5. Nbd2 Qb6 6. dxc5 Qxb2 7. Rb1 Qc3 8. Bb5 g6 9. O-O Bg7 10. Be5 Qxc5 11. c4 O-O 12. Nb3 Qb6 13. Bc3 Bf5 14. Rc1 dxc4 15. Bxc4 Rfd8 16. Qe2 Rac8 17. Nfd4 Nxd4 18. Bxd4 Qb4 19. Bc5 Qa4 20. Bxe7 Re8 21. Bb5 Qh4 22. Bxe8 Rxe8 23. Bxf6 Bxf6 24. Rc4 Qg5 25. Rfc1 Be4 26. f3 Bc6 27. e4 Bb5 28. Qf2 Bxc4 29. Rxc4 Qb5 30. Qc2 Kg7 31. h3 Qb6+ 32. Qf2 Qa6 33. Rc7 Rd8 34. Qc2 Qb6+ 35. Kh1 Be5 36. Rc4 Qf6 37. g3 Bxg3 38. Kg2 Bf4 39. Nc5 Qg5+ 40. Kf1 Qg3 41. Nd3 Qxf3+ 42. Nf2 Be3 43. Qc3+ Kg8 44. Qc2 Qxf2+ 45. Qxf2 Bxf2 46. Kxf2 Rd2+ 47. Ke3 Rxa2 48. Rc8+ Kg7 49. Rc7 Rb2 50. Kd3 Rb6 51. e5 a5 52. Kc4 a4 53. Rc8 a3 54. Ra8 Ra6 55. Rxa6 bxa6 56. Kb3 g5 57. Kxa3 Kg6 58. Ka4 Kf5 59. Ka5 Kxe5 60. Kxa6 Kf4 61. Kb5 Kg3 62. Kc5 Kxh3 63. Kd5 g4 64. Ke5 g3 65. Kf6 g2 66. Kxf7 g1=Q 67. Ke6 h5 68. Kd6 h4 69. Kd5 Kg2 70. Kd6 h3 71. Kd7 h2 72. Kd6 h1=Q 73. Kd5 0-1


[Site "https://www.chess.com"]

[Event "Titled Tuesday Blitz April 18 Late 2023"]
[White "Koellner, Ruben Gideon"]
[Black "Peatman, Carter"]
[WhiteFideId "12993093"]
[BlackFideId "2096480"]
[WhiteElo "2314"]
[BlackElo "2003"]
[Result "1-0"]
[Round "02"]
[TimeControl "180+2"]
[Date "2023.04.18"]
[WhiteClock "0:00:40"]
[BlackClock "0:00:01"]

1. d4 d5 2. Nf3 Nf6 3. e3 c5 4. c3 Nc6 5. Bd2 Bg4 6. Be2 e6 7. h3 Bh5 8. c4 cxd4 9. Nxd4 Bg6 10. cxd5 Nxd5 11. Nxc6 bxc6 12. Nc3 Bd6 13. O-O O-O 14. Qa4 Nb4 15. a3 Bc2 16. b3 Nd5 17. Rfc1 Bg6 18. Qxc6 Rc8 19. Qa6 Be5 20. Nxd5 Rxc1+ 21. Rxc1 Qxd5 22. Bb4 Rd8 23. Rc8 h5 24. Rxd8+ Qxd8 25. Qxa7 Qh4 26. Qc5 Qe4 27. Qc1 Qb7 28. Bf3 Qb5 29. Qc8+ Kh7 30. Qc5 Qb8 31. Bc3 Bd6 32. Qd4 Bf8 33. b4 f6 34. Be4 e5 35. Bxg6+ Kxg6 36. Qd3+ Kh6 37. e4 Qc7 38. Bd2+ Kh7 39. g3 g6 40. Kg2 Be7 41. h4 Qb7 42. f3 Qa7 43. Be3 Qc7 44. b5 Bxa3 45. Qxa3 Qc2+ 46. Bf2 Qb3 47. Qxb3 1-0


[Site "https://www.chess.com"]

[Event "Titled Tuesday Blitz April 18 Late 2023"]
[White "Atanasov, Anthony"]
[Black "crosky"]
[WhiteFideId "2623897"]
[WhiteElo "2326"]
[BlackElo "2346"]
[Result "0-1"]
[Round "02"]
[TimeControl "180+2"]
[Date "2023.04.18"]
[WhiteClock "0:02:26"]
[BlackClock "0:02:08"]

1. e4 c6 2. d4 d5 3. exd5 cxd5 4. Bf4 Nc6 5. Nf3 Bg4 6. Nbd2 e6 7. c3 Bd6 8. Bxd6 Qxd6 9. h3 Bh5 10. Bd3 Nf6 11. O-O O-O 12. Re1 Qc7 13. Qb1 Bg6 14. Bxg6 hxg6 15. Qd3 b5 16. Qxb5 Rab8 17. Qc5 Rxb2 18. Ne5 Rxd2 19. Nxc6 Qf4 20. Rf1 Ne4 21. Ne7+ Kh7 22. Nxg6 fxg6 0-1


[Site "https://www.chess.com"]